 Dungeon Crawl Stone Soup version 0.28.0-43-g3370ac3207 (webtiles) character file.

Game seed: 2913476181907176566

5 CryoSword the Gusty (level 1, 0/10 HPs)
             Began as a Tengu Air Elementalist on Mar 9, 2022.
             Slain by a quokka (1 damage)
             ... on level 1 of the Dungeon.
             The game lasted 00:00:36 (228 turns).

CryoSword the Gusty (Tengu Air Elementalist)         Turns: 228, Time: 00:00:37

Health: 0/10       AC:  2    Str:  8    XL:     1   Next: 80%
Magic:  2/4        EV: 12    Int: 15    God:
Gold:   0          SH:  0    Dex: 14    Spells: 3/4 levels left

rFire   . . .      SeeInvis .   (no weapon)
rCold   . . .      Faith    .   (no shield)
rNeg    . . .      Spirit   .   a - +0 robe
rPois   .          Reflect  .   (helmet restricted)
rElec   .          Harm     .   (no cloak)
rCorr   .          Rampage  .   (no gloves)
Will    .....                   (boots unavailable)
Stlth   ++........              (no amulet)
HPRegen 0.03/turn               (no ring)
MPRegen 0.09/turn               (no ring)

@: no status effects
A: beak, talons 3
a: no special abilities


You were on level 1 of the Dungeon.
You visited 1 branch of the dungeon, and saw 1 of its levels.

Inventory:

Missiles
 b - 5 boomerangs (quivered)
Armour
 a - a +0 robe (worn)
Scrolls
 d - 3 scrolls of immolation {unknown}
Potions
 c - a potion of curing {unknown}
 e - a potion of ambrosia {unknown}


   Skills:
 + Level 0.3 Fighting
 - Level 2.1 Dodging
 - Level 2.0 Stealth
 + Level 2.0 Spellcasting
 + Level 1.6 Conjurations
 * Level 4.2 Air Magic


You had 3 spell levels left.
You knew the following spells:

 Your Spells              Type           Power      Damage    Failure   Level
a - Shock                 Conj/Air       40%        1d5       7%          1

Your spell library contained the following spells:

 Spells                   Type           Power      Damage    Failure   Level
 Static Discharge         Conj/Air       10%        N/A       10%         2
 Swiftness                Air            14%        N/A       12%         3
 Airstrike                Air            7%         N/A       36%         4


Dungeon Overview and Level Annotations

Branches:
Dungeon (1/15)

Altars:


Innate Abilities, Weirdness & Mutations

You have a beak for a mouth.
You have claws for feet.


Message History

Welcome, CryoSword the Tengu Air Elementalist.
Are you destined to find the awesome Orb of Zot, or to die trying?
Found a staircase leading out of the dungeon.
Okay, then.
A hobgoblin comes into view.
Aim: a hobgoblin (68% to hit)
The zap hits the hobgoblin.
You kill the hobgoblin!
Found 11 stones.
Found 22 arrows.
Found a stone staircase leading down.
Found an escape hatch in the floor.
Could not explore, unopened door.
You open the door.
There is an open door here.
Could not explore, unopened door.
Could not explore, unopened door.
You open the door.
A ball python comes into view.
Found a black potion.
A ball python is nearby!
Found 5 boomerangs.
The ball python hisses angrily.
Aim: a ball python (64% to hit)
The zap hits the ball python.
You kill the ball python!
A goblin comes into view. It is wielding a +0 dagger.
Aim: a goblin, wielding a +0 dagger (wandering, hasn't noticed you, 60% to hit)
You miscast Shock.
You are very lightly contaminated with residual magic.
Nothing appears to happen.
The goblin shouts!
Aim: a goblin, wielding a +0 dagger (60% to hit)
The zap hits the goblin.
You kill the goblin!
Your magical contamination has completely faded away.
Found a spear.
b - 5 boomerangs
c - a black potion
Things that are here:
a +0 dagger; a goblin corpse
d - 3 scrolls labelled UDU QARHAPPAG An endoplasm comes into view.
Throw: 5 boomerangs
Aim: an endoplasm (asleep, 98% to hit)
You throw a boomerang. The boomerang hits the endoplasm.
The endoplasm quivers.
Throw: 5 boomerangs
Aim: an endoplasm (almost dead, 85% to hit)
You throw a boomerang.
The boomerang barely misses the endoplasm.
Aim: an endoplasm (almost dead, 97% to hit)
The zap hits the endoplasm.
You kill the endoplasm!
e - a sapphire potion
Found a stone staircase leading down.
Could not explore, unopened door.
Could not explore, unopened door.
You open the door.
There is an open door here.
A quokka comes into view.
Found a ring mail.
A quokka is nearby!
A quokka is nearby!
Aim: a quokka (asleep, 100% to hit)
The zap hits the quokka.
Aim: a quokka (lightly wounded, 56% to hit)
The zap hits the quokka.
You hit the quokka but do no damage. You peck the quokka, but do no damage.
The quokka barely misses you.
Aim: a quokka (moderately wounded, 56% to hit)
The zap misses the quokka.
The quokka bites you.
Aim: a quokka (moderately wounded, 56% to hit)
The zap misses the quokka.
The quokka bites you. x2
* * * LOW HITPOINT WARNING * * *
You don't have enough magic to cast this spell.
There is an open door here.
The quokka bites you.
* * * LOW HITPOINT WARNING * * *
The quokka closely misses you. The quokka closely misses you.
The quokka bites you.
You die...

.)..........# .........#
............# #.#
.........# ....#)...##.#
#.# .........# .
#.##.##..##.###...
.[#####'####..
#.#.♣.#..##.#.. #.#
#.......... #.##.##.###.#.#
#.###.###....##.
##..#...###.#.# #.#.#
#.####
##...........#####...####.#
#....####.##..@r.........#
###### #....####...####.#
####...##.#.##...#
###.#.###.#.### #..## ##..#
#### ####


You could see a quokka.

Vanquished Creatures
  A ball python (D:1)
  An endoplasm (D:1)
  A goblin (D:1)
  A hobgoblin (D:1)
4 creatures vanquished.

Notes
Turn   | Place    | Note
-------+----------+-------------------------------------------
     0 | D:1      | CryoSword the Tengu Air Elementalist began the quest for
                  | the Orb.
     0 | D:1      | Reached XP level 1. HP: 10/10 MP: 4/4
   228 | D:1      | Slain by a quokka

Illustrated notes

Levels and vault maps discovered:
D:1:      matt_arrival_diagonals, layout_basic, serial_shops, shop,
          nicolae_shop_stone, nicolae_shop_bloodbath_and_beyond, shop,
          shop_fountains, ebering_ecumenical_altar_abandoned, minivault_25,
          grunt_decor_one_mirror, hex_intersection

Action                   || total
-------------------------++-------
Melee: Unarmed           ||     1
       Peck              ||     1
Throw: Boomerang         ||     2
 Cast: Shock             ||     8
Dodge: Dodged            ||     3
